 Dungeon Crawl Stone Soup version 0.30.1-11-g7821555f0a (webtiles) character file.

Game seed: 9836600100975528214

332 AuftragZ the Shooter (level 6, -4/29 HPs)
             Began as a Spriggan Hexslinger on Dec 1, 2023.
             Slain by a cerulean imp
             ... wielding a +0 spear
             ... summoned by Natasha
              (5 damage)
             ... on level 3 of the Dungeon.
             The game lasted 00:17:03 (1934 turns).

AuftragZ the Shooter (Spriggan Hexslinger)          Turns: 1934, Time: 00:17:03

Health: -4/29      AC:  3    Str:  6    XL:     6   Next: 26%
Magic:  9/10       EV: 18    Int: 15    God:
Gold:   137        SH:  0    Dex: 17    Spells: 8/9 levels left

rFire   . . .        a - +1 sling
rCold   . . .        (no shield)
rNeg    . . .        c - +0 robe
rPois   .            (helmet restricted)
rElec   .            o - +0 cloak
rCorr   .            (gloves unavailable)
SInv    +            (boots unavailable)
Will    +....        (no amulet)
Stlth   ++           (no ring)
HPRegen 0.24/turn    (no ring)
MPRegen 0.12/turn

%: no passive effects
@: very quick
A: very small, no large weapons, unfitting armour, see invisible, speed 3
a: no special abilities


You were on level 3 of the Dungeon.
You visited 1 branch of the dungeon, and saw 3 of its levels.

You collected 137 gold pieces.

Inventory:

Hand Weapons
 a - a +1 sling (weapon)
 g - a +0 dagger of holy wrath
 u - a +2 dagger of venom
Armour
 c - a +0 robe (worn)
 o - a +0 cloak (worn)
Jewellery
 k - a ring of magical power
 s - an amulet of guardian spirit
Wands
 l - a wand of paralysis (8)
 q - a wand of roots (18)
Scrolls
 b - a scroll of poison
 f - 3 scrolls of enchant weapon {unknown}
 m - 2 scrolls of amnesia {unknown}
 p - a scroll of noise {unknown}
 t - a scroll of silence {unknown}
 w - a scroll of fear {unknown}
Potions
 d - a potion of brilliance {unknown}
 e - 3 potions of magic
 h - a potion of heal wounds {unknown}
 i - 3 potions of curing
 j - a potion of ambrosia {unknown}
 n - 2 potions of flight {unknown}
 r - a potion of haste {unknown}
 v - a potion of attraction {unknown}
 x - a potion of mutation {unknown}


   Skills:
 - Level 0.7 Fighting
 * Level 5.8 Ranged Weapons
 + Level 3.2 Dodging
 + Level 0.3 Stealth
 + Level 2.0 Spellcasting
 * Level 4.8 Hexes


You had 8 spell levels left.
You knew the following spells:

 Your Spells              Type           Power      Damage    Failure   Level
a - Slow                  Hex            64%        N/A       3%          1

Your spell library contained the following spells:

 Spells                   Type           Power      Damage    Failure   Level
 Apportation              Tloc           2%         N/A       22%         1
 Sandblast                Erth           2%         2d4       22%         1
 Inner Flame              Hex/Fire       8%         N/A       24%         3
 Portal Projectile        Hex/Tloc       16%        N/A       24%         3
 Cause Fear               Hex            8%         N/A       30%         4
 Cigotuvi's Dreadful Rot  Necr/Pois/Air  2%         N/A       32%         2
 Passwall                 Tmut/Erth      0%         N/A       32%         2
 Ozocubu's Armour         Ice            1%         N/A       54%         3
 Stone Arrow              Conj/Erth      2%         3d7       54%         3
 Animate Armour           Summ/Erth      2%         N/A       91%         4
 Dispel Undead            Necr           1%         3d6       91%         4
 Alistair's Intoxication  Tmut/Pois      0%         N/A       99%         5
 Death Channel            Necr           0%         N/A       100%        6
 Ozocubu's Refrigeration  Ice            0%         4d7       100%        7
 Lehudib's Crystal Spear  Conj/Erth      0%         10d2      100%        8


Dungeon Overview and Level Annotations

Branches:
Dungeon (3/15)

Altars:
Hepliaklqana

Shops:
D:1 (

Annotations:
D:3 Natasha


Innate Abilities, Weirdness & Mutations

You are very small and have problems with some larger weapons.
You are too small for most types of armour.
You have supernaturally acute eyesight. (SInv)
You cover ground extremely quickly. (Speed+++)


Message History

Press: ? - help, Q - select action, (/) - cycle Shift-Dir - straight line, f/p - Natasha
Aim: Natasha (severely wounded, slow, 53% to hit)
You shoot a sling bullet. The sling bullet barely misses Natasha.
Fire: a) +1 sling
Press: ? - help, Q - select action, (/) - cycle Shift-Dir - straight line, f/p - Natasha
Aim: Natasha (severely wounded, slow, 53% to hit)
You shoot a sling bullet. The sling bullet barely misses Natasha.
Natasha casts a spell.
Fire: a) +1 sling
Press: ? - help, Q - select action, (/) - cycle Shift-Dir - straight line, f/p - Natasha
Aim: Natasha (severely wounded, slow, 53% to hit)
You shoot a sling bullet.
The sling bullet closely misses Natasha.
Natasha barely misses you.
The cerulean imp hits you but does no damage.
Fire: a) +1 sling
Press: ? - help, Q - select action, (/) - cycle Shift-Dir - straight line, f/p - Natasha
Aim: Natasha (severely wounded, slow, 53% to hit)
You shoot a sling bullet. The sling bullet hits Natasha.
Natasha is severely wounded.
The cerulean imp hits you with a +0 spear.
Natasha mewls in sadness.
Natasha stares at you and mumbles some strange words.
The magic dart hits you.
Unknown command.
Fire: a) +1 sling
Press: ? - help, Q - select action, (/) - cycle Shift-Dir - straight line, f/p - Natasha
Aim: Natasha (severely wounded, slow, 53% to hit)
You shoot a sling bullet. The sling bullet misses Natasha.
The cerulean imp closely misses you.
Fire: a) +1 sling
Press: ? - help, Q - select action, (/) - cycle Shift-Dir - straight line, f/p - Natasha
Aim: Natasha (severely wounded, slow, 53% to hit)
You shoot a sling bullet.
The sling bullet closely misses Natasha.
Natasha casts a spell at you. The magic dart hits you!
* * * LOW HITPOINT WARNING * * *
The cerulean imp hits you with a +0 spear.
You die...

..+..+.._..+..+..#.####.#
..#..#.....#..##..(# ##.#
..#..#'###+#..#.(### #..# ######
..#..#.....#..##.# #.## #.....
†.'##'##+##+ +..# #.# #.....
#.#.....#... #..#####.#####.....
..#.....#... #..................
..###+##+##'###5.#####.###.......
..... #.......h@....[...........
.##### ########.........###......
.# #..#####..........>. .# #.##
###....######## ##
#####.####.......#######
#.....##...#............
#........###.##)#.######
#......####..##.........
###............###.######.


You could see Natasha (slow) and a cerulean imp (summoned).

Vanquished Creatures
  Sigmund (D:3)
  A bullfrog (D:3)
  Robin (D:3)
  An adder (D:3)
  A worm (D:2)
  3 dart slugs
  2 orcs (D:3)
  9 bats
  7 endoplasms
  3 giant cockroaches
  12 goblins
  11 hobgoblins
  2 jackals (D:1)
  2 kobolds
  A quokka (D:1)
  7 ball pythons
  7 frilled lizards
  5 rats
76 creatures vanquished.

Notes
Turn   | Place    | Note
-------+----------+-------------------------------------------
     0 | D:1      | AuftragZ the Spriggan Hexslinger began the quest for the
                  | Orb.
     0 | D:1      | Reached XP level 1. HP: 9/9 MP: 3/3
    99 | D:1      | Reached XP level 2. HP: 14/14 MP: 5/5
   118 | D:1      | Found Rousiyt's Antique Weapon Emporium.
   199 | D:1      | Found a faded altar of an unknown god.
   507 | D:1      | Reached XP level 3. HP: 17/17 MP: 3/6
   731 | D:1      | Reached skill level 3 in Ranged Weapons
  1204 | D:3      | Noticed Robin
  1272 | D:3      | Found a hazy altar of Hepliaklqana.
  1304 | D:3      | Reached XP level 4. HP: 15/21 MP: 7/7
  1346 | D:3      | Noticed Sigmund
  1373 | D:3      | Killed Sigmund
  1374 | D:3      | Reached skill level 5 in Ranged Weapons
  1374 | D:3      | Reached XP level 5. HP: 25/25 MP: 5/8
  1627 | D:3      | Reached XP level 6. HP: 19/29 MP: 6/9
  1668 | D:3      | Killed Robin
  1915 | D:3      | Noticed Natasha
  1934 | D:3      | HP: 1/29 [Natasha/magic dart (11)]
  1934 | D:3      | Slain by a cerulean imp

Illustrated notes

Levels and vault maps discovered:
D:1:      dpeg_arrival_tiny_d, layout_rooms, serial_shops, nicolae_diamond_shop,
          basic_ecumenical_altar, minmay_split_cup_small
D:2:      layout_rooms
D:3:      layout_rooms, mainiacjoe_overflow_24_doors, uniq_sigmund, uniq_robin,
          uniq_natasha

Skill      XL: |  1  2  3  4  5  6 |
---------------+-------------------+-----
Dodging        | 3 |  3.2
Hexes          | 4 |  4.8
Ranged Weapons | 3 5 |  5.8
Spellcasting   | 2 |  2.0
Fighting       | |  0.7
Stealth        | |  0.3

Action                     |  1- 3 |  4- 6 || total
---------------------------+-------+-------++-------
   Fire: Sling             |   183 |    77 ||   260
   Cast: Slow              |    19 |     9 ||    28
    Use: Scroll            |     3 |       ||     3
         Potion            |       |     1 ||     1
 Armour: Robe              |    15 |     7 ||    22
  Dodge: Dodged            |    79 |    37 ||   116
